[Event "Kezmarok Chess Open 2022"]
[Site "Kezmarok"]
[Date "2022.09.28"]
[Round "6.7"]
[White "Janik, Marek Tobias"]
[Black "Sosovickova, Jana"]
[Result "1-0"]
[ECO "A80"]
[WhiteElo "1823"]
[BlackElo "2039"]
[Annotator "TA"]
[PlyCount "87"]
[EventDate "2022.09.24"]
[EventType "swiss"]
[EventCountry "SVK"]
[SourceTitle "playchess.com"]
[Source "ChessBase"]
[SourceQuality "1"]
[TimeControl "40/5400+30:1800+30"]

1. d4 f5 2. Nf3 Nf6 3. Bf4 d6 4. e3 g6 5. c3 Bg7 6. Bc4 {[%emt 0:02:09] A80: Dutch Defence: Unusual White second moves.} d5 7. Be2 O-O {[%emt 0:00:25][%cal Oc7c5] [#]} 8. Ne5 $146 {[%emt 0:01:20] White is slightly better.} (8. c4 {is more complex.} c5 9. dxc5 Ne4 10. Be5) ({Predecessor:} 8. Nbd2 c6 9. h4 Qe8 10. Ne5 h6 11. Qb3 Nbd7 12. Ndf3 Ne4 13. Nxd7 Qxd7 14. Ne5 Qe6 15. f3 {½-½ (39) Zhou,Y-Zhang,Y Wuxi 2016}) 8... Nbd7 9. Nd2 Nxe5 10. Bxe5 Ne4 11. Bxg7 Kxg7 12. h4 Nxd2 13. Qxd2 Qd6 14. f4 Bd7 15. h5 b6 16. O-O-O Rh8 17. Rdg1 Kf7 18. g4 Rag8 19. Qe1 (19. g5 $16) 19... Qf6 ({Black should try} 19... fxg4 $14 20. Bxg4 Bf5) 20. Bf3 c6 (20... fxg4 $142 21. Bxd5+ Be6 22. Bxe6+ Qxe6) 21. g5 $16 Qg7 (21... Qd6 $16 {was worth a try.} 22. Rh3 Be8) 22. c4 Be6 23. Qb4 Qf8 24. Qa4 Qa8 25. Kb1 Kg7 26. Rc1 Qb7 27. Qa3 {[%emt 0:05:10] White is more active.} Rc8 28. Be2 Qd7 29. Qc3 Rhd8 30. Rh4 Rh8 31. Rch1 $36 {[%emt 0:01:22][%mdl 2048] White is on the roll.} Rcf8 32. Qe1 (32. c5 $18) 32... Qe8 $2 {[%emt 0:02:31] [#] This move loses the game for Black.} ({Black should play} 32... dxc4 $14 33. Bf3 Bd5) 33. Qf1 Bf7 34. Qh3 e6 $2 (34... Rfg8 {keeps fighting.} 35. b3 dxc4 36. Bxc4 (36. bxc4 b5 $16) 36... Bd5) 35. hxg6 $18 Bxg6 36. Bh5 {[%emt 0:00:05] [#] Black must now prevent Bxg6.} Rfg8 (36... h6 $142 37. Rg1 Kg8) 37. Bxg6 Qxg6 38. Rh6 {[%emt 0:00:07] Inhibits h5.} Qe8 39. Rxh7+ Rxh7 40. Qxh7+ Kf8 41. Rh6 Rg7 42. Rf6+ Rf7 43. g6 Rxf6 44. g7+ {[%emt 0:00:04] Weighted Error Value: White=0.17 (very precise) /Black=0.58} 1-0

[Event "Kezmarok Chess Open 2022"]
[Site "Kezmarok"]
[Date "2022.09.28"]
[Round "6.8"]
[White "Belus, Benjamin"]
[Black "Mirowska, Oliwia"]
[Result "0-1"]
[ECO "A10"]
[WhiteElo "1932"]
[BlackElo "1856"]
[Annotator "TA"]
[PlyCount "62"]
[EventDate "2022.09.24"]
[EventType "swiss"]
[EventCountry "SVK"]
[SourceTitle "playchess.com"]
[Source "ChessBase"]
[SourceQuality "1"]
[TimeControl "40/5400+30:1800+30"]

1. c4 d6 2. g3 g6 3. Bg2 Bg7 4. Nc3 c6 5. d4 f5 6. e4 {[%emt 0:00:41] A10: English Opening: Unusual Replies for Black.} fxe4 7. Nxe4 Nf6 8. Nxf6+ {[%emt 0:00:22] White is slightly better.} Bxf6 {[%emt 0:01:01] [#]} 9. Bh6 $146 (9. Ne2 $14) ({Predecessor:} 9. Ne2 O-O 10. Bh6 Re8 11. O-O Na6 12. Qd2 Nc7 13. Rad1 Bg4 14. f3 Be6 15. b3 {1-0 (53) Ramis Sebastia,J (1584)-Fentes Caceres,D (1696) Santa Margalida 2016}) 9... Qb6 10. Ne2 Qb4+ 11. Qd2 Qxc4 12. O-O Bf5 ({Black should play} 12... Na6 $11) 13. Rfd1 (13. h3 $5 ) 13... Nd7 (13... Na6 $11) 14. b4 (14. h3 $16) 14... Qf7 15. b5 d5 (15... Bg7 $14) 16. bxc6 (16. Rac1 $142) 16... bxc6 $16 17. Rac1 Rc8 18. Qa5 {[%emt 0:00:53] Hoping for Nf4.} Nb6 19. Qxa7 Nc4 20. Qa6 Bd7 {[%emt 0:02:25] [#]} (20... Qe6 $11 {remains equal.}) 21. Rb1 $2 {[%emt 0:03:05][%mdl 8192] [#]} (21. Rxc4 $1 $16 dxc4 22. d5 (22. Bxc6 $2 Rxc6 23. Qa8+ Rc8 $19) (22. Rc1 g5 $17)) 21... g5 $1 $19 {[%emt 0:01:05] ...Qh5 is the strong threat.} 22. f4 {[%emt 0:00:38] [#]} Ne3 (22... g4 $1 $17 {Threatens to win with ...Bf5.} 23. Rdc1 Qe6) 23. Rd3 $2 (23. Bxg5 $2 Nxd1 24. Rxd1 O-O 25. Bxf6 exf6 $17) ({Better is} 23. Rdc1 $15 Qg6 24. fxg5 Nxg2 25. gxf6) 23... Nxg2 24. Kxg2 $2 (24. fxg5 Bxg5 25. Bxg5) 24... Qh5 $1 25. Rdb3 Qxh6 26. fxg5 Qxg5 27. Rb7 Bf5 28. Rf1 O-O {[%emt 0:00:41] ( -> ...Be4+)} 29. Nf4 Be4+ 30. Kf2 Bxd4+ 31. Ke1 e5 {[%emt 0:01:34] Weighted Error Value: White=1.31/Black=0.38} 0-1

[Event "Kezmarok Chess Open 2022"]
[Site "Kezmarok"]
[Date "2022.09.28"]
[Round "6.9"]
[White "Striskova, Lucia"]
[Black "Fizerova, Lucie"]
[Result "1-0"]
[ECO "C42"]
[WhiteElo "1866"]
[BlackElo "1779"]
[Annotator "NA RC COMBH"]
[PlyCount "55"]
[EventDate "2022.09.24"]
[EventType "swiss"]
[EventCountry "SVK"]
[SourceTitle "playchess.com"]
[Source "ChessBase"]
[SourceQuality "1"]
[TimeControl "40/5400+30:1800+30"]

1. e4 e5 2. Nf3 Nf6 3. Nxe5 d6 4. Nf3 Nxe4 5. Nc3 Nxc3 6. dxc3 Be7 7. Be3 Be6 8. Qd2 Nc6 9. O-O-O O-O 10. Bd3 a6 11. h4 Rb8 12. Ng5 Bxg5 13. hxg5 g6 14. Qe1 Qd7 15. f3 f5 16. gxf6 Ne5 17. Bd4 Nxd3+ 18. Rxd3 c5 19. Bxc5 Bf5 20. Rxd6 Qa4 21. Qf2 Qxa2 22. Qh4 Rf7 23. Ba3 b5 24. Rhd1 Qa1+ 25. Kd2 Qa2 26. Qd4 h6 27. g4 Be6 28. Rh1 1-0

[Event "Kezmarok Chess Open 2022"]
[Site "Kezmarok"]
[Date "2022.09.28"]
[Round "6.10"]
[White "Velychko, Semen"]
[Black "Rak, Martin"]
[Result "1/2-1/2"]
[ECO "A45"]
[WhiteElo "1604"]
[BlackElo "1805"]
[Annotator "NA RC COMBH"]
[PlyCount "110"]
[EventDate "2022.09.24"]
[EventType "swiss"]
[EventCountry "SVK"]
[SourceTitle "playchess.com"]
[Source "ChessBase"]
[SourceQuality "1"]
[TimeControl "40/5400+30:1800+30"]

1. d4 Nf6 2. Nc3 d5 3. Bf4 e6 4. e3 Bd6 5. Nge2 O-O 6. g3 b6 7. Bg2 Bb7 8. O-O c5 9. Qd2 Nc6 10. Rad1 Rc8 11. dxc5 Bxc5 12. Nd4 Nxd4 13. exd4 Bb4 14. Bg5 h6 15. Bxf6 Qxf6 16. Nxd5 Bxd5 17. Qxb4 Bxg2 18. Kxg2 Rxc2 19. Rc1 Rfc8 20. Rxc2 Rxc2 21. a4 Qf5 22. Qb5 Qxb5 23. axb5 Rxb2 24. Ra1 Rxb5 25. Rxa7 g5 26. Rb7 Kg7 27. g4 Rb3 28. h3 Kf6 29. Kh2 Kg7 30. Kg2 Kg6 31. Kh2 Rf3 $17 ({Black should play} 31... b5 $19 32. Rb6 Kg7) 32. Kg2 Rb3 (32... Rd3 $17 33. Rxb6 Rxd4) 33. Kh2 $1 Rb4 34. Kg2 Rxd4 35. Rxb6 h5 36. Kg3 Rf4 37. Ra6 Rb4 38. Rc6 hxg4 39. hxg4 Kf6 40. Ra6 Rb5 41. Ra7 Rb6 42. Kf3 e5 43. Ra5 Ke6 44. Ke4 Rb4+ 45. Kf3 Rd4 46. Ra6+ Rd6 47. Ra5 f5 48. gxf5+ Kxf5 49. Kg3 Rd3+ 50. Kg2 Rd6 51. Kg3 Rd3+ 52. Kg2 Kf4 53. Ra8 Rd6 54. Rf8+ Ke4 55. f3+ Kd4 1/2-1/2

[Event "Kezmarok Chess Open 2022"]
[Site "Kezmarok"]
[Date "2022.09.28"]
[Round "6.11"]
[White "Sekova, Olivia"]
[Black "Juracak, David"]
[Result "1/2-1/2"]
[ECO "C42"]
[WhiteElo "1797"]
[BlackElo "1708"]
[Annotator "NA RC COMBH"]
[PlyCount "56"]
[EventDate "2022.09.24"]
[EventType "swiss"]
[EventCountry "SVK"]
[SourceTitle "playchess.com"]
[Source "ChessBase"]
[SourceQuality "1"]
[TimeControl "40/5400+30:1800+30"]

1. e4 e5 2. Nf3 Nf6 3. Nxe5 d6 4. Nf3 Nxe4 5. Nc3 Nxc3 6. dxc3 Be7 7. Be3 Nc6 8. Qd5 Be6 9. Qb5 Bd7 10. O-O-O Ne5 11. Qxb7 Rb8 12. Qa6 Nxf3 13. gxf3 Bg5 14. Bd3 Bxe3+ 15. fxe3 O-O 16. Rhg1 Re8 17. Qxa7 Rb6 18. Qa5 Re5 19. Qa3 Rxe3 20. c4 Re5 21. Rde1 Rxe1+ 22. Rxe1 g6 23. Qc3 Qh4 24. b3 Be6 25. Re4 Qxh2 26. Qf6 Qg1+ 27. Kb2 Qc5 28. Bf1 Rb8 1/2-1/2

[Event "Kezmarok Chess Open 2022"]
[Site "Kezmarok"]
[Date "2022.09.28"]
[Round "6.12"]
[White "Smetana, Peter"]
[Black "Vestur, Rastislav"]
[Result "1/2-1/2"]
[ECO "B41"]
[WhiteElo "1715"]
[BlackElo "1789"]
[Annotator "NA RC COMBH"]
[PlyCount "43"]
[EventDate "2022.09.24"]
[EventType "swiss"]
[EventCountry "SVK"]
[SourceTitle "playchess.com"]
[Source "ChessBase"]
[SourceQuality "1"]
[TimeControl "40/5400+30:1800+30"]

1. e4 c5 2. Nf3 e6 3. d4 cxd4 4. Nxd4 a6 5. Qf3 b5 6. e5 Qc7 7. Bf4 Bb7 8. Qg3 Ne7 9. Bd3 Ng6 10. O-O Bc5 11. Nb3 Ba7 12. N1d2 Nc6 13. Rfe1 Nb4 14. a3 Nxd3 15. cxd3 Nxf4 16. Qxf4 Qc2 17. Qg3 Bd5 18. Rec1 Qxb2 19. Rcb1 Qc3 20. Rc1 Qb2 21. Rcb1 Qc3 22. Rc1 1/2-1/2

[Event "Kezmarok Chess Open 2022"]
[Site "Kezmarok"]
[Date "2022.09.28"]
[Round "6.13"]
[White "Skapikova, Lubica"]
[Black "Rakovsky, Jakub"]
[Result "1/2-1/2"]
[ECO "C78"]
[WhiteElo "1823"]
[BlackElo "2012"]
[Annotator "TA"]
[PlyCount "37"]
[EventDate "2022.09.24"]
[EventType "swiss"]
[EventCountry "SVK"]
[SourceTitle "playchess.com"]
[Source "ChessBase"]
[SourceQuality "1"]
[TimeControl "40/5400+30:1800+30"]

1. e4 e5 2. Nf3 Nc6 3. Bb5 a6 4. Ba4 Nf6 5. O-O b5 6. Bb3 Bc5 7. d3 d6 8. c3 {[%emt 0:03:35] C78: Ruy Lopez: Archangelsk and Möller Defences.} Bb6 {[%emt 0:01:14] 8...h6 is setting a new trend.} 9. h3 (9. a4 $5 ) 9... O-O 10. Re1 Na5 11. Bc2 c5 {[%emt 0:01:47] [#] An uneventful encounter.  Weighted Error Value: White=0.13 (very precise) /Black=0.14 (very precise)} {Predecessor:} 12. Nbd2 $146 Re8 13. Nf1 Nc6 14. Bg5 Ne7 15. Ne3 Be6 16. Kh2 Ng6 17. Nf5 h6 18. Bxf6 Qxf6 19. Nxd6 {½-½ (46) Abdul,M (1952)-Mollah,I (1896) Dhaka 2021} 1/2-1/2

[Event "Kezmarok Chess Open 2022"]
[Site "Kezmarok"]
[Date "2022.09.28"]
[Round "6.14"]
[White "Kapolkova, Greta"]
[Black "Ropovik, Samuel"]
[Result "0-1"]
[ECO "B40"]
[WhiteElo "1723"]
[BlackElo "1497"]
[Annotator "NA RC COMBH"]
[PlyCount "84"]
[EventDate "2022.09.24"]
[EventType "swiss"]
[EventCountry "SVK"]
[SourceTitle "playchess.com"]
[Source "ChessBase"]
[SourceQuality "1"]
[TimeControl "40/5400+30:1800+30"]

1. e4 c5 2. Nf3 e6 3. d4 cxd4 4. Nxd4 Nf6 5. f3 Nc6 6. c3 a6 7. Nxc6 bxc6 8. e5 Nd5 9. c4 Bb4+ 10. Bd2 Ne3 11. Qc1 Bxd2+ 12. Qxd2 Nxc4 13. Bxc4 Qh4+ 14. g3 Qxc4 15. Nc3 O-O 16. Ne4 Rb8 17. Qf4 Qb4+ 18. Kf1 Qxb2 19. Re1 a5 20. h4 Ba6+ 21. Kg1 Qxa2 22. Nf6+ Kh8 23. Rh2 Rb2 24. Rxb2 Qxb2 25. h5 Qb6+ 26. Kg2 Qb4 27. Re4 Qe7 28. h6 gxf6 29. exf6 Qc5 30. Qd2 Qd5 31. Rd4 Qb5 32. Re4 Qd5 33. Rd4 Qe5 34. Re4 Qxf6 35. Qxa5 Qb2+ 36. Kh3 Qb5 37. Qa1+ f6 38. Kg2 Qf1+ 39. Qxf1 Bxf1+ 40. Kxf1 Rg8 41. Kf2 Rg6 42. Rd4 d5 0-1

[Event "Kezmarok Chess Open 2022"]
[Site "Kezmarok"]
[Date "2022.09.28"]
[Round "6.15"]
[White "Horbalova, Ivana"]
[Black "Fizer, Marek"]
[Result "0-1"]
[ECO "A04"]
[WhiteElo "1286"]
[BlackElo "1963"]
[Annotator "TA"]
[PlyCount "68"]
[EventDate "2022.09.24"]
[EventType "swiss"]
[EventCountry "SVK"]
[SourceTitle "playchess.com"]
[Source "ChessBase"]
[SourceQuality "1"]
[TimeControl "40/5400+30:1800+30"]

1. Nf3 c5 2. g3 Nc6 3. Bg2 g6 4. O-O Bg7 5. d3 e5 6. e4 d6 7. c4 {[%emt 0:04:04] A04: Unusual lines after 1 Nf3 and King's Indian Attack.} Nge7 8. Na3 O-O 9. Nc2 {[%emt 0:01:35] Black is slightly better.} h6 {[%emt 0:03:24] [#]} 10. Rb1 $146 ({Predecessor:} 10. Bd2 f5 11. Bh3 fxe4 12. Bxc8 Qxc8 13. dxe4 Qg4 14. Nfe1 Qxe4 15. b3 Qf5 16. Ne3 {0-1 (25) Santos Filho,T (2109)-Von Buelow,G (2384) Rio de Janeiro 2009}) 10... a5 11. a4 f5 12. b3 {[%emt 0:08:42] [#]} f4 $1 13. Bb2 g5 14. h4 $2 {[%emt 0:03:17] [#]} (14. h3 $17) 14... g4 $1 $19 15. Nh2 f3 16. Nxf3 gxf3 17. Bxf3 Be6 18. Bg4 Qd7 19. Bxe6+ Qxe6 20. Kh2 Rf7 21. Qe2 Raf8 22. f3 Qg6 23. Rf2 Bf6 24. Rg1 Rg7 {[%emt 0:01:12][%cal Of6h4] aiming for ...Bxh4!} 25. Rfg2 Qh5 {[%emt 0:01:28][%cal Of6h4] Strongly threatening ...Bxh4!} 26. f4 $2 (26. Kh1 {is tougher.}) 26... Qxe2 27. Rxe2 exf4 28. Bxf6 Rxf6 29. g4 Ng6 30. g5 {[%emt 0:03:38] [#]} Nxh4 $1 31. gxf6 (31. Rf1 hxg5) 31... Nf3+ {[%emt 0:00:06][%mdl 64] Deflection, Double Attack. Black mates.} 32. Kh3 Nxg1+ {[%emt 0:00:06] Pair of Knights!} 33. Kh2 Nf3+ 34. Kh3 Rg3# {[%emt 0:00:11] White did not feel at home in the position after the opening.  Weighted Error Value: White=0.82/Black=0.09 (flawless)} 0-1

[Event "Kezmarok Chess Open 2022"]
[Site "Kezmarok"]
[Date "2022.09.28"]
[Round "6.16"]
[White "Straka, Simon"]
[Black "Velychko, Sofiya"]
[Result "1-0"]
[ECO "D86"]
[WhiteElo "1732"]
[BlackElo "1371"]
[Annotator "NA RC COMBH"]
[PlyCount "119"]
[EventDate "2022.09.24"]
[EventType "swiss"]
[EventCountry "SVK"]
[SourceTitle "playchess.com"]
[Source "ChessBase"]
[SourceQuality "1"]
[TimeControl "40/5400+30:1800+30"]

1. d4 Nf6 2. c4 g6 3. Nc3 d5 4. cxd5 Nxd5 5. e4 Nxc3 6. bxc3 Bg7 7. Bc4 c5 8. Be3 Nc6 9. Ne2 O-O 10. Rc1 Bd7 11. O-O Rc8 12. Qd2 Qa5 13. Rfd1 cxd4 14. cxd4 Qxd2 15. Rxd2 Na5 16. Bd3 Rxc1+ 17. Nxc1 Nc6 18. Nb3 Rc8 19. Be2 b6 20. Bb5 Nb8 21. Be2 Nc6 22. h3 Nb4 23. Bd1 Bb5 24. Be2 Bxe2 25. Rxe2 Rc2 26. Rxc2 Nxc2 27. Kf1 Nxe3+ 28. fxe3 Kf8 29. Ke2 Ke8 30. Kd3 Kd7 31. Kc4 a6 32. a4 Bh6 33. Kd3 a5 34. e5 Bg7 35. Kc4 Kc7 36. e4 e6 37. Kb5 Kb7 38. Nd2 f6 39. d5 exd5 40. e6 Bf8 41. exd5 f5 42. Nc4 Kc7 43. Nxb6 g5 44. Kxa5 g4 45. hxg4 fxg4 46. Nc4 h5 47. Ne3 Bd6 48. Kb5 g3 49. Nf5 Ba3 50. a5 Kb7 51. e7 Bxe7 52. Nxe7 h4 53. Nf5 h3 54. Nxg3 hxg2 55. Ne2 Kc7 56. a6 Kb8 57. d6 Kc8 58. Kc6 Kb8 59. d7 Ka7 60. d8=Q 1-0

[Event "Kezmarok Chess Open 2022"]
[Site "Kezmarok"]
[Date "2022.09.28"]
[Round "6.18"]
[White "Mazak, Ryan"]
[Black "Hanina, Marcel"]
[Result "1-0"]
[ECO "C24"]
[WhiteElo "1590"]
[BlackElo "1411"]
[Annotator "NA RC COMBH"]
[PlyCount "27"]
[EventDate "2022.09.24"]
[EventType "swiss"]
[EventCountry "SVK"]
[SourceTitle "playchess.com"]
[Source "ChessBase"]
[SourceQuality "1"]
[TimeControl "40/5400+30:1800+30"]

1. e4 e5 2. Bc4 Nf6 3. d4 Nc6 4. d5 Na5 5. Bd3 b6 6. f4 d6 7. Nf3 Bg4 8. b4 Nb7 9. Bb5+ Ke7 10. h3 Bxf3 11. Qxf3 Nd7 12. O-O f6 13. Qg4 a6 14. Qe6# 1-0

[Event "Kezmarok Chess Open 2022"]
[Site "Kezmarok"]
[Date "2022.09.29"]
[Round "7.1"]
[White "Bazakutsa, Svyatoslav"]
[Black "Dubessay, Bastien"]
[Result "1/2-1/2"]
[ECO "A20"]
[WhiteElo "2182"]
[BlackElo "2259"]
[Annotator "TA"]
[PlyCount "201"]
[EventDate "2022.09.24"]
[EventType "swiss"]
[EventCountry "SVK"]
[SourceTitle "playchess.com"]
[Source "ChessBase"]
[SourceQuality "1"]
[TimeControl "40/5400+30:1800+30"]

1. c4 e5 2. g3 c6 3. Nf3 e4 4. Nd4 d5 5. cxd5 Qxd5 6. Nc2 {[%emt 0:00:10] A20: English Opening: 1...e5.} Nf6 7. Nc3 Qe5 8. Bg2 Na6 9. O-O (9. d4 {with more complications.} exd3 10. Qxd3 Nb4 11. Nxb4 Bxb4 12. Bf4) 9... Be7 10. Ne3 O-O 11. a3 Re8 12. b4 Ng4 {[%emt 0:00:11] [#]} (12... Bf8 $11) 13. Bxe4 $146 ({Predecessor:} 13. Bb2 Qh5 14. h4 Bf6 15. Qc2 Nxe3 16. dxe3 Bf5 17. Na4 Bxb2 18. Nxb2 Nc7 19. Nc4 {0-1 (32) Ding,L (2806)-Nepomniachtchi,I (2766) Madrid 2022}) 13... Qh5 14. Nxg4 Bxg4 15. Bg2 Nc7 {[%emt 0:00:16] Prevents b5.} 16. f3 Be6 17. Bb2 Rad8 18. Qc2 a5 $1 19. bxa5 Qxa5 20. Kh1 Na6 (20... Bf5 $5 21. d3 Qc5 $14) 21. d3 Nc5 22. Ne4 Nb3 23. Rab1 f5 24. Bh3 Bf7 25. Bc3 Qxa3 (25... Qd5 $14) 26. Bxf5 $16 b5 27. Bb2 Qa6 {[%emt 0:01:32] [#]} 28. e3 {[%emt 0:14:43] Prevents Nd4.} (28. Qc3 $6 Nd4 29. Bg4 (29. Ra1 Qb6 $11) 29... b4 $14) (28. Bxg7 $142 $1 {[%mdl 512] Threatens to win with Bf6.} Kxg7 29. Rxb3) 28... c5 29. Be5 (29. Qc3 Qh6 $14) (29. Bxg7 Kxg7 30. Rxb3 Bxb3 31. Qc3+ (31. Qxb3 b4 $14) 31... Bf6 32. Qxb3 c4 33. dxc4 bxc4 $11) 29... c4 30. dxc4 g6 31. Bh3 ({Reject} 31. Rxb3 $6 gxf5 32. Ra1 (32. cxb5 Qe6 $17) (32. Rxb5 fxe4 33. Bb2 Bf6 $17) 32... Qe6 $11) (31. Qxb3 $6 Bxc4 32. Ra1 Bxb3 $11) 31... bxc4 32. Rfe1 (32. Bb2 $142 Rd3 33. Rfd1) 32... Nc5 33. Nxc5 {[%emt 0:06:42] White is much more active.} (33. Bd4 $5 Qc6 34. Bg2 $16) 33... Bxc5 34. Bb2 (34. f4 $14) 34... Qa5 (34... Bb4 $15 35. Red1 Qa2 36. Rxd8 Rxd8) 35. Bf1 Qd2 36. Re2 Qxc2 37. Rxc2 Bxe3 38. Bxc4 Bxc4 39. Rxc4 Rb8 40. Ra4 Rb7 {[%emt 0:02:27] And now ...Bh6 would win.} (40... Bh6 $5 41. Raa1 $8 Rb3 $11) 41. Raa1 Reb8 42. Re1 Bd2 43. Be5 Bxe1 44. Bxb8 Rxb8 45. Rxe1 $14 {[%emt 0:00:00][%mdl 4096] Endgame KR-KR} Rb2 46. Re7 Rf2 47. f4 h5 48. Kg1 Ra2 49. h3 Rb2 50. h4 Ra2 51. Kf1 Rb2 52. Re2 Rb1+ 53. Kf2 Kg7 54. Kf3 Rf1+ 55. Kg2 Ra1 56. Re5 Ra2+ 57. Kf3 Ra3+ 58. Re3 Ra1 59. Rd3 Kf6 60. Rd6+ Kg7 61. Rd5 Ra3+ 62. Kg2 Ra2+ 63. Kh3 Rf2 64. Rg5 Kh6 65. Ra5 Kg7 66. Rb5 Ra2 67. Rg5 Kh6 68. f5 gxf5 {[%emt 0:00:00] The position is equal.} 69. Rxf5 Rb2 70. Rf6+ Kg7 71. Rf1 Kg6 72. Rh1 Ra2 73. Rh2 Ra3 74. Rf2 Rb3 75. Kg2 Ra3 76. Rd2 Rb3 77. Rd6+ Kg7 78. Re6 Ra3 79. Kf2 Ra1 80. Kf3 Rf1+ 81. Ke4 Rg1 82. Kf4 Kh7 83. Ra6 Kg7 84. Rd6 Kh7 85. Rd5 Kh6 86. Rg5 Rf1+ 87. Ke5 Rf3 88. Ke6 Re3+ 89. Kf5 Rf3+ 90. Ke4 Ra3 91. Kf4 Ra4+ 92. Kf3 Ra3+ 93. Ke4 Ra4+ 94. Kd3 Ra3+ 95. Ke2 Ra2+ 96. Ke3 Ra3+ 97. Kd2 Ra2+ 98. Kc3 Ra3+ 99. Kd4 Ra4+ 100. Kd3 Ra3+ 101. Ke4 {[%emt 0:00:00] White really could win this.  Weighted Error Value: White=0.12 (very precise) /Black=0.13 (very precise)} 1/2-1/2

[Event "Kezmarok Chess Open 2022"]
[Site "Kezmarok"]
[Date "2022.09.29"]
[Round "7.2"]
[White "Mirowska, Oliwia"]
[Black "Berezjuk, Sergej"]
[Result "0-1"]
[ECO "A07"]
[WhiteElo "1856"]
[BlackElo "2382"]
[Annotator "TA"]
[PlyCount "98"]
[EventDate "2022.09.24"]
[EventType "swiss"]
[EventCountry "SVK"]
[SourceTitle "playchess.com"]
[Source "ChessBase"]
[SourceQuality "1"]
[TimeControl "40/5400+30:1800+30"]

1. d3 e5 2. g3 d5 3. Bg2 Nf6 4. Nf3 Nc6 5. O-O Be6 6. a3 {[%emt 0:03:47] A07: Réti Opening: New York and Capablanca Systems.} Bd6 {[%emt 0:04:06] [#]} 7. Nc3 $146 ({Predecessor:} 7. b4 Ne7 8. Bb2 Ng6 9. Nbd2 O-O 10. c4 c6 11. Ng5 Bg4 12. h3 Bd7 13. e4 h6 {½-½ (39) Thiede,L (2450)-Jaracz,P (2547) Germany 2010}) 7... d4 8. Ne4 {[%emt 0:01:36] The position is equal.} Nxe4 9. dxe4 f6 10. e3 dxe3 11. Bxe3 O-O 12. Qe2 Na5 13. b3 {[%emt 0:01:25] Inhibits Bc4.} Qe7 14. a4 c5 (14... Rad8 $15) 15. Rab1 Nc6 16. c3 Rfd8 (16... Rad8 {seems wilder.} 17. Rfd1 Bg4 18. Qb5 Rd7) 17. Nd2 Bc7 18. f4 Qd7 19. f5 Bf7 20. Rfc1 Na5 21. Bf1 Bb6 22. Rd1 Qc7 23. Qf2 {[%emt 0:09:56] [#]} (23. Kh1 $15) 23... Nxb3 $1 $17 {[%emt 0:06:21][%mdl 512] Black is more active.} 24. Nc4 {[%emt 0:03:57] aiming for Rxd8+.} Na5 25. Rxd8+ Rxd8 26. Nxa5 Bxa5 27. Bxc5 Qc6 ({Weaker is} 27... Bxc3 28. Bxa7 Bd4 29. Bxd4 Rxd4 30. Qb2 $15) 28. Qe3 b6 29. Bb4 (29. Be7 $17 Rc8 30. Bb5 Qxc3 31. Qxc3 Bxc3 32. Kg2) 29... Qxa4 $19 30. Qe2 Bxb4 31. cxb4 h6 32. Qe1 Kh7 33. Qc3 Rd1 34. Rxd1 Qxd1 {[%emt 0:00:01][%mdl 4096] Endgame KQB-KQB} 35. Kf2 Qd7 (35... a5 $142 36. bxa5 bxa5) 36. b5 Qd6 {[%emt 0:00:34] And now ...Qc5+ would win.} 37. Ke1 g6 38. g4 (38. fxg6+ $17 {was necessary.} Bxg6 39. Bd3) 38... Kg7 39. h4 g5 (39... Qc5 $19 {has better winning chances.} 40. Qxc5 bxc5) 40. h5 $17 Qc5 (40... Qd4 {keeps more tension.} 41. Qc6 Qg1 42. Qb7 Qh1) 41. Qxc5 {[%emt 0:33:39][%mdl 8192] This costs White the game.} (41. Kd2 $17 {was the crucial defense.}) 41... bxc5 {[%emt 0:30:04] KB-KB} 42. Kd2 Kf8 43. Kc3 Ke7 44. Bc4 {[%emt 0:02:38] Intending Bxf7 and mate.} Be8 45. Kb3 Kd6 {[%emt 0:00:00] White must now prevent ...Kc7.} 46. Ka4 $2 {[%emt 0:00:00] [#]} (46. Bd3 $19) 46... a6 $1 47. Ka5 axb5 48. Bxb5 Bc6 49. Bxc6 Kxc6 {[%emt 0:00:00] Weighted Error Value: White=0.59/Black=0.15 (very precise)} 0-1

[Event "Kezmarok Chess Open 2022"]
[Site "Kezmarok"]
[Date "2022.09.29"]
[Round "7.3"]
[White "Manik, Mikulas"]
[Black "Walter, Ema"]
[Result "1-0"]
[ECO "C60"]
[WhiteElo "2362"]
[BlackElo "2062"]
[Annotator "TA"]
[PlyCount "83"]
[EventDate "2022.09.24"]
[EventType "swiss"]
[EventCountry "SVK"]
[SourceTitle "playchess.com"]
[Source "ChessBase"]
[SourceQuality "1"]
[TimeControl "40/5400+30:1800+30"]

1. e4 e5 2. Nf3 Nc6 3. Bb5 Nge7 4. Nc3 Ng6 5. d4 exd4 6. Nxd4 Bc5 7. Be3 Bb6 {[%emt 0:00:44] now supersedes 7...Bxd4.} 8. O-O O-O 9. Qd2 {[%emt 0:07:28] [#] C60: Ruy Lopez: Unusual Black 3rd moves and 3...g6.} Nce7 $146 ({Predecessor:} 9... Nxd4 10. Bxd4 Bxd4 11. Qxd4 c6 12. Be2 Qb6 13. Qxb6 axb6 14. Rad1 b5 15. a3 Rd8 {½-½ (64) Caruana,F (2781)-Sadhwani,R (2616) Chess.com INT 2022}) 10. Rad1 d6 11. Rfe1 {[%emt 0:02:42] White is more active. White is slightly better.} Kh8 12. a4 Bd7 13. f3 f5 14. Bxd7 (14. Nxf5 {looks sharper.} Nxf5 15. Bxb6 axb6 16. Bxd7 Qxd7 17. exf5 Qxf5 18. Kh1) 14... Qxd7 15. Nxf5 (15. exf5 {seems wilder.} Nxf5 16. Nxf5 Qxf5 17. Bxb6 axb6 18. Kh1) 15... Nxf5 16. Bxb6 axb6 17. exf5 Qxf5 18. Qd3 Qc5+ 19. Qd4 Qc6 20. Qd5 Rae8 21. Qxc6 bxc6 22. b4 Kg8 23. b5 Re5 24. Rxe5 Nxe5 25. bxc6 Nxc6 $11 {[%emt 0:00:44][%mdl 4096] Endgame KRN-KRN} 26. Nb5 Rc8 27. Rd3 Nb4 28. Rc3 Nd5 (28... c5 $11 {keeps the balance.}) 29. Rc6 $16 Kf8 (29... Ra8 $14) 30. c4 Ne7 (30... Nf4 $16) 31. Rxc7 $18 Rxc7 $2 {[%emt 0:00:57] [#]} (31... Ra8 {was necessary.} 32. Nxd6 Rxa4) 32. Nxc7 {[%emt 0:00:06] KN-KN} Kf7 33. Kf2 Kf6 34. Ke3 {[%emt 0:00:44] White is clearly winning.} Ke5 35. f4+ Kf5 36. Kf3 h5 37. Nd5 Nc8 38. g3 g6 39. h3 Ke6 40. Ke4 Kd7 41. f5 g5 42. Nf6+ {[%emt 0:00:00] Weighted Error Value: White=0.05 (flawless) /Black=0.34} 1-0